 Dungeon Crawl Stone Soup version 0.26.1-11-gd32895ea62 (webtiles) character file.

Game seed: 2903714012769464130

109 Zeld the Sneak (level 4, -7/29 HPs)
             Began as an Octopode Brigand on May 14, 2021.
             Mangled by a worm (10 damage)
             ... on level 4 of the Dungeon.
             The game lasted 00:03:26 (1687 turns).

Zeld the Sneak (Octopode Brigand)                   Turns: 1687, Time: 00:03:26

Health: -7/29      AC:  1    Str: 11    XL:     4   Next: 89%
Magic:  7/7        EV: 13    Int: 13    God:
Gold:   106        SH:  0    Dex: 13    Spells: 7/7 levels left

rFire    . . .     SeeInvis .   a - +2 dagger
rCold    . . .     Faith    .   (no shield)
rNeg     . . .     Spirit   .   (helmet restricted)
rPois    .         Reflect  .   (no amulet)
rElec    .         Harm     .   (no ring)
rCorr    .         Rampage  .   (no ring)
Will     .....                  (no ring)
Stlth    ++++......             (no ring)
HPRegen  0.09/turn              (no ring)
MPRegen  0.10/turn              (no ring)
                                (no ring)
                                (no ring)

@: no status effects
A: almost no armour, stealthy swim, amphibious, 8 rings, constrict 8, camouflage
1, gelatinous body 1
a: no special abilities


You were on level 4 of the Dungeon.
You visited 1 branch of the dungeon, and saw 4 of its levels.

You collected 106 gold pieces.

Inventory:

Hand Weapons
 a - a +2 dagger (weapon)
 l - a +2 dagger of speed
Missiles
 b - 21 poisoned darts (quivered)
 c - 2 curare-tipped darts
Jewellery
 k - a cursed amulet of inaccuracy {unknown}
 o - an uncursed amulet of regeneration {unknown}
Scrolls
 f - a scroll of teleportation {unknown}
 g - a scroll of amnesia {unknown}
 i - a scroll of fear {unknown}
 j - a scroll of remove curse {unknown}
 p - a scroll of identify {unknown}
Potions
 d - a potion of lignification {unknown}
 e - a potion of brilliance {unknown}
 h - 2 potions of curing {unknown}
 m - a potion of attraction {unknown}
 n - a potion of mutation {unknown}


   Skills:
 - Level 2.0 Fighting
 * Level 4.1 Short Blades
 - Level 2.0 Throwing
 - Level 1.0 Dodging
 - Level 5.3 Stealth
 + Level 2.0 Spellcasting


You had 7 spell levels left.
You didn't know any spells.
Your spell library was empty.

Dungeon Overview and Level Annotations

Branches:
Dungeon (4/15)
 Temple: D:4-7

Altars:


Innate Abilities, Weirdness & Mutations

You cannot wear most types of armour.
You are very stealthy in the water. (Stealth+)
You are amphibious.
You can wear up to eight rings at the same time.
You can use your tentacles to constrict eight enemies at once.
Your skin changes colour to match your surroundings (Stealth+).
Your rubbery body absorbs attacks. (AC +1, EV +1)


Message History

You hear the rusting of a drain nearby.
You start resting.
You hear the brisk rusting of a drain nearby.
You open the door. The worm bites you.
There is an open door, spattered with blood here.
You hit the worm. You grab the worm.
The worm is lightly wounded.
You constrict the worm. The worm bites you!
You are too injured to fight recklessly!
You are too injured to fight recklessly!
You release your grip on the worm.
A worker ant comes into view.
You hit the worker ant but do no damage.
You grab the worker ant. You constrict the worker ant.
As you open the door, it creaks loudly!
You constrict the worker ant. The worker ant bites you.
* * * LOW HITPOINT WARNING * * *
The worm bites you!
You die...

#### #.. ###..##.#
...# ##....#..#
.... ##.......#
....
........#######....
...............##.#
......###.####..#.#
......# ###≈≈##'B.#
.....(# +≈≈≈≈≈≈#@.#
......# +≈≈≈≈≈≈#w.#
......# ###≈≈##'..#
......###.####....#
.................##
......############
....#.# ....#..
...###..


You could see a worm and a worker ant.

Vanquished Creatures
  A centaur skeleton (D:4)
  A worker ant (D:4)
  A worm (D:3)
  3 dart slugs (D:1)
  4 leopard geckos
  4 giant cockroaches
  4 goblins (D:1)
  4 hobgoblins
  A ball python (D:1)
  8 bats
  A frilled lizard (D:1)
  3 kobolds (D:1)
  11 rats
46 creatures vanquished.

Notes
Turn   | Place    | Note
-------+----------+-------------------------------------------
     0 | D:1      | Zeld the Octopode Brigand began the quest for the Orb.
     0 | D:1      | Reached XP level 1. HP: 14/14 MP: 1/1
    61 | D:1      | Reached XP level 2. HP: 14/19 MP: 2/2
   260 | D:1      | Reached skill level 1 in Spellcasting
   408 | D:1      | Reached XP level 3. HP: 23/24 MP: 4/4
  1431 | D:4      | Reached XP level 4. HP: 11/29 MP: 6/6
  1687 | D:4      | Mangled by a worm

Illustrated notes

Levels and vault maps discovered:
D:1:      lightli_arrival_windingriver, layout_rooms
D:2:      layout_basic, zin_purify, uniq_sigmund
D:3:      layout_rooms, minmay_overflow_temple_hex,
          gammafunk_temple_overflow_claw, minmay_quadrilaterals
D:4:      layout_cave_pods, gup_sewer_entry_bowl

Skill      XL: |  1  2  3  4 |
---------------+-------------+-----
Spellcasting   | 1 2 |  2.0
Short Blades   | 3 4 |  4.1
Fighting       | |  2.0
Throwing       | |  2.0
Dodging        | |  1.0
Stealth        | |  5.3

Action                   |  1- 3 |  4- 6 || total
-------------------------+-------+-------++-------
Melee: Dagger            |    80 |    11 ||    91
       Tentacles         |     9 |     6 ||    15
       Constrict         |    15 |     6 ||    21
 Stab: Sleeping          |    14 |       ||    14
Armor: Skin              |    10 |       ||    10
Dodge: Dodged            |    48 |     1 ||    49
